SAAA
ALLOWAY HALBERDS @ BRINKLEY BELUGAS
06/18/2021
 
TOP OF THE 1ST
Alloway Halberds batting - Pitching for Brinkley Belugas : RHP José Cabrera
Pitching: RHP José Cabrera
Batting: RHB Maurice Wiebe 0-0: Ball
1-0: DOUBLE (Groundball, 5L)
Batting: RHB Pedro Santos 0-0: Called Strike
0-1: Swinging Strike
0-2: Ball
1-2: SINGLE (Line Drive, 8LS)
Maurice Wiebe to third
Batting: RHB Scotty Anderson 0-0: Ball
1-0: Reached on error, E5 (Groundball, 56)
Maurice Wiebe scores
Pedro Santos to second
Batting: RHB Jonathan Cundall 0-0: Ball
1-0: Swinging Strike
1-1: Ball
2-1: Ball
3-1: Ground out 4-3 (Groundball, 4M)
Pedro Santos to third
Scotty Anderson to second
Batting: RHB Mark Davis 0-0: Ball
1-0: DOUBLE (Groundball, 5L)
Pedro Santos scores
Scotty Anderson scores
Batting: LHB Francisco Rivas 0-0: Foul Ball, location: 2F
0-1: Ground out 4-3 (Groundball, 4)
Mark Davis to third
Batting: RHB Juan Martínez 0-0: Foul Ball, location: 2F
0-1: Fly out, F2 (Popup, 2RF)
Top of the 1st over - 3 run(s), 3 hit(s), 1 error(s), 1 left on base; Alloway 3 - Brinkley 0
BOTTOM OF THE 1ST
Brinkley Belugas batting - Pitching for Alloway Halberds : RHP Cole Johnson
Pitching: RHP Cole Johnson
Batting: RHB Shawn Hicks 0-0: Ball
1-0: Swinging Strike
1-1: Called Strike
1-2: Ball
2-2: Ground out 1-3 (Groundball, 15)
Batting: RHB Orlando Trevino 0-0: Swinging Strike
0-1: Ball
1-1: Ball
2-1: Ball
3-1: Swinging Strike
3-2: Foul Ball, location: 2F
3-2: Foul Ball, location: 2F
3-2: Base on Balls
Batting: RHB Ricardo Romo 0-0: Ball
1-0: Called Strike
1-1: 2-RUN HOME RUN (Flyball, 89XD), Distance : 424 ft
Batting: LHB Theodore Shaw 0-0: Ball
1-0: Foul Ball, location: 2F
1-1: Ball
2-1: Called Strike
2-2: Ball
3-2: Base on Balls
Batting: LHB Horace Ritchie 0-0: Ball
1-0: Ball
2-0: Fly out, F9 (Flyball, 9S)
Batting: RHB Jorge Salazar 0-0: Called Strike
0-1: Swinging Strike
0-2: Strikes out swinging
Bottom of the 1st over - 2 run(s), 1 hit(s), 0 error(s), 1 left on base; Alloway 3 - Brinkley 2
TOP OF THE 2ND
Alloway Halberds batting - Pitching for Brinkley Belugas : RHP José Cabrera
Batting: RHB Daniel Molina 0-0: Ball
1-0: Ball
2-0: Ball
3-0: Base on Balls
Batting: RHB Mike Davis 0-0: Reached on Error, E8 (Flyball, 8RM)
Daniel Molina to second
Batting: RHB Maurice Wiebe Reached via error on a dropped throw, E6
Daniel Molina to third
Mike Davis to second
Batting: RHB Pedro Santos 0-0: Ball
1-0: Called Strike
1-1: Ball
2-1: Called Strike
2-2: Ball
3-2: Foul Ball, location: 2F
3-2: Grounds into fielders choice 1-2 (Groundball, 15)
Mike Davis to third
Maurice Wiebe to second
Batting: RHB Scotty Anderson 0-0: Called Strike
0-1: Foul Ball, location: 2F
0-2: SINGLE (Groundball, 13) (infield hit)
Mike Davis scores
Maurice Wiebe to third
Pedro Santos to second
Batting: RHB Jonathan Cundall 0-0: TRIPLE (Flyball, 8LXD)
Maurice Wiebe scores
Pedro Santos scores
Scotty Anderson scores
Batting: RHB Mark Davis 0-0: Ball
1-0: 2-RUN HOME RUN (Flyball, 7D), Distance : 377 ft
Pitching: RHP Roberto Bernard
Batting: LHB Francisco Rivas 0-0: Ball
1-0: Ground out 6-3 (Groundball, 6M)
Batting: RHB Juan Martínez 0-0: Called Strike
0-1: Swinging Strike
0-2: Strikes out swinging
Top of the 2nd over - 6 run(s), 3 hit(s), 2 error(s), 0 left on base; Alloway 9 - Brinkley 2
BOTTOM OF THE 2ND
Brinkley Belugas batting - Pitching for Alloway Halberds : RHP Cole Johnson
Batting: RHB Jason Weston 0-0: Called Strike
0-1: Ball
1-1: Ground out 5-3 (Groundball, 56S)
Batting: RHB Reggie Kahn 0-0: Ball
1-0: Ball
2-0: Ball
3-0: Base on Balls
Batting: LHB Arturo Acosta 0-0: Grounds into double play, 4-6-3 (Groundball, 4M)
Bottom of the 2nd over - 0 run(s), 0 hit(s), 0 error(s), 0 left on base; Alloway 9 - Brinkley 2
TOP OF THE 3RD
Alloway Halberds batting - Pitching for Brinkley Belugas : RHP Roberto Bernard
Batting: RHB Daniel Molina 0-0: Called Strike
0-1: Ball
1-1: Foul Ball, location: 2F
1-2: Foul Ball, location: 2F
1-2: Ball
2-2: Foul Ball, location: 2F
2-2: Ground out 4-3 (Groundball, 4M)
Batting: RHB Mike Davis 0-0: Called Strike
0-1: Ball
1-1: Foul Ball, location: 2F
1-2: Foul Ball, location: 2F
1-2: Ball
2-2: Ball
3-2: SINGLE (Line Drive, 7S)
Batting: RHB Maurice Wiebe 0-0: Ball
1-0: Called Strike
1-1: Ball
2-1: Ball
3-1: Swinging Strike
3-2: Fly out, F6 (Popup, 6)
Batting: RHB Pedro Santos 0-0: Ball
1-0: Called Strike
1-1: Ball
2-1: Ground out 6-3 (Groundball, 6)
Top of the 3rd over - 0 run(s), 1 hit(s), 0 error(s), 1 left on base; Alloway 9 - Brinkley 2
BOTTOM OF THE 3RD
Brinkley Belugas batting - Pitching for Alloway Halberds : RHP Cole Johnson
Batting: RHB Shawn Hicks 0-0: Ball
1-0: Foul Ball, location: 2F
1-1: Ground out 2-3 (Groundball, 25)
Batting: RHB Orlando Trevino 0-0: Called Strike
0-1: SINGLE (Line Drive, 7S)
Batting: RHB Ricardo Romo 0-0: Foul Ball, location: 2F
0-1: Grounds into double play, 6-4-3 (Groundball, 6M)
Bottom of the 3rd over - 0 run(s), 1 hit(s), 0 error(s), 0 left on base; Alloway 9 - Brinkley 2
TOP OF THE 4TH
Alloway Halberds batting - Pitching for Brinkley Belugas : RHP Roberto Bernard
Batting: RHB Scotty Anderson 0-0: Ball
1-0: Ball
2-0: Ball
3-0: Called Strike
3-1: Swinging Strike
3-2: Strikes out looking
Batting: RHB Jonathan Cundall 0-0: Ground out 6-3 (Groundball, 6)
Batting: RHB Mark Davis 0-0: Called Strike
0-1: Ball
1-1: Ball
2-1: Ball
3-1: Swinging Strike
3-2: Ground out 5-3 (Groundball, 6)
Top of the 4th over - 0 run(s), 0 hit(s), 0 error(s), 0 left on base; Alloway 9 - Brinkley 2
BOTTOM OF THE 4TH
Brinkley Belugas batting - Pitching for Alloway Halberds : RHP Cole Johnson
Batting: LHB Theodore Shaw 0-0: SINGLE (Line Drive, 56)
Batting: LHB Horace Ritchie 0-0: Foul Ball, location: 2F
0-1: Foul Ball, location: 2F
0-2: Foul Ball, location: 2F
0-2: Ball
1-2: Ball
2-2: Strikes out looking
Batting: RHB Jorge Salazar 0-0: Called Strike
0-1: Called Strike
0-2: Ball
1-2: Strikes out swinging
Batting: RHB Jason Weston 0-0: Called Strike
0-1: Ball
1-1: Fielders Choice at 2nd, U4 (Groundball, 4M)
Bottom of the 4th over - 0 run(s), 1 hit(s), 0 error(s), 1 left on base; Alloway 9 - Brinkley 2
TOP OF THE 5TH
Alloway Halberds batting - Pitching for Brinkley Belugas : RHP Roberto Bernard
Batting: LHB Francisco Rivas 0-0: Ball
1-0: Ball
2-0: Foul Ball, location: 2F
2-1: SINGLE (Flyball, 89M)
Batting: RHB Juan Martínez 0-0: Called Strike
0-1: Foul Ball, location: 2F
0-2: Ball
1-2: Strikes out swinging
Batting: RHB Daniel Molina 0-0: Foul Ball, location: 2F
0-1: Ball
1-1: Ball
2-1: Called Strike
2-2: Ball
3-2: Foul Ball, location: 2F
3-2: Fly out, F4 (Popup, 89S)
Batting: RHB Mike Davis 0-0: Foul Ball, location: 2F
0-1: Ball
1-1: Fly out, F9 (Flyball, 9M)
Top of the 5th over - 0 run(s), 1 hit(s), 0 error(s), 1 left on base; Alloway 9 - Brinkley 2
BOTTOM OF THE 5TH
Brinkley Belugas batting - Pitching for Alloway Halberds : RHP Cole Johnson
Batting: RHB Reggie Kahn 0-0: Called Strike
0-1: Ground out 4-3 (Groundball, 4M)
Batting: LHB Arturo Acosta 0-0: DOUBLE (Flyball, 8LM)
Batting: RHB Shawn Hicks 0-0: Ball
1-0: Ground out 5-3 (Groundball, 56)
Batting: RHB Orlando Trevino 0-0: Ball
1-0: Called Strike
1-1: Ball
2-1: Foul Ball, location: 2F
2-2: Ball
3-2: Base on Balls
Batting: RHB Ricardo Romo 0-0: Ball
1-0: Fly out, F9 (Line Drive, 9M)
Bottom of the 5th over - 0 run(s), 1 hit(s), 0 error(s), 2 left on base; Alloway 9 - Brinkley 2
TOP OF THE 6TH
Alloway Halberds batting - Pitching for Brinkley Belugas : RHP Roberto Bernard
Pitching: LHP Han Sawallisch
Batting: RHB Maurice Wiebe 0-0: SINGLE (Groundball, 56D)
Batting: RHB Pedro Santos 0-0: Bunt missed!
0-1: Bunted foul
0-2: Foul Ball, location: 2F
0-2: Strikes out swinging
Batting: RHB Scotty Anderson 0-0: Called Strike
0-1: Fly out, F7 (Flyball, 78D)
Runner from 1st tags up, SAFE at 2nd
Batting: RHB Jonathan Cundall 0-0: Called Strike
0-1: Foul Ball, location: 2F
0-2: Ball
1-2: Foul Ball, location: 2F
1-2: Ball
2-2: Foul Ball, location: 2F
2-2: Foul Ball, location: 2F
2-2: Fly out, F4 (Line Drive, 4)
Top of the 6th over - 0 run(s), 1 hit(s), 0 error(s), 1 left on base; Alloway 9 - Brinkley 2
BOTTOM OF THE 6TH
Brinkley Belugas batting - Pitching for Alloway Halberds : RHP Cole Johnson
Batting: LHB Theodore Shaw 0-0: DOUBLE (Flyball, 9D)
Batting: LHB Horace Ritchie 0-0: Ball
1-0: Swinging Strike
1-1: SINGLE (Line Drive, 7LS)
Theodore Shaw to third
Batting: RHB Jorge Salazar 0-0: Foul Ball, location: 2F
0-1: Foul Ball, location: 2F
0-2: Foul Ball, location: 2F
0-2: Strikes out looking
Batting: RHB Jason Weston 0-0: Called Strike
Horace Ritchie steals 2nd base
0-1: Fly out, F4 (Popup, 34D)
Pitching: RHP Steve Terry
Batting: RHB Reggie Kahn 0-0: Called Strike
0-1: SINGLE (Line Drive, 6M)
Theodore Shaw scores
Horace Ritchie to third
Batting: LHB Arturo Acosta 0-0: Fly out, F7 (Flyball, 7M)
Bottom of the 6th over - 1 run(s), 3 hit(s), 0 error(s), 2 left on base; Alloway 9 - Brinkley 3
TOP OF THE 7TH
Alloway Halberds batting - Pitching for Brinkley Belugas : LHP Han Sawallisch
Batting: RHB Mark Davis 0-0: Foul Ball, location: 2F
0-1: Fly out, F7 (Flyball, 7LM)
Batting: LHB Francisco Rivas 0-0: Ball
1-0: Called Strike
1-1: Called Strike
1-2: Ball
2-2: Strikes out looking
Batting: RHB Juan Martínez 0-0: Ball
1-0: Ball
2-0: Ball
3-0: Called Strike
3-1: Base on Balls
Batting: RHB Daniel Molina 0-0: Foul Ball, location: 2F
0-1: Called Strike
0-2: SINGLE (Groundball, 6MD)
Juan Martínez to second
Runner from 2nd tries for 3rd, SAFE, no throw or cutoff
Batting: RHB Mike Davis 0-0: Foul Ball, location: 2F
0-1: Ball
1-1: Foul Ball, location: 2F
1-2: Ball
2-2: Fielders Choice at 2nd, U6 (Groundball, 6M)
Top of the 7th over - 0 run(s), 1 hit(s), 0 error(s), 2 left on base; Alloway 9 - Brinkley 3
BOTTOM OF THE 7TH
Brinkley Belugas batting - Pitching for Alloway Halberds : RHP Steve Terry
Batting: RHB Shawn Hicks 0-0: Ball
1-0: Called Strike
1-1: Ball
2-1: Called Strike
2-2: Foul Ball, location: 2F
2-2: Ball
3-2: DOUBLE (Line Drive, 5L)
Batting: RHB Orlando Trevino 0-0: Foul Ball, location: 2F
0-1: Ball
1-1: Ball
2-1: Fly out, F8 (Flyball, 8RM)
Batting: RHB Ricardo Romo 0-0: Foul Ball, location: 2F
0-1: Swinging Strike
0-2: Ground out 5-3 (Groundball, 56)
Batting: LHB Theodore Shaw 0-0: Ball
1-0: Ball
2-0: Ball
3-0: Base on Balls
Batting: LHB Horace Ritchie 0-0: Fielders Choice at 2nd, 5-4 (Groundball, 5)
Bottom of the 7th over - 0 run(s), 1 hit(s), 0 error(s), 1 left on base; Alloway 9 - Brinkley 3
TOP OF THE 8TH
Alloway Halberds batting - Pitching for Brinkley Belugas : LHP Han Sawallisch
Batting: RHB Maurice Wiebe 0-0: Called Strike
0-1: Ground out 4-3 (Groundball, 4)
Batting: RHB Pedro Santos 0-0: Ground out 5-3 (Groundball, 5)
Batting: RHB Scotty Anderson 0-0: Ball
1-0: Ground out 3-1 (Groundball, 34)
Top of the 8th over - 0 run(s), 0 hit(s), 0 error(s), 0 left on base; Alloway 9 - Brinkley 3
BOTTOM OF THE 8TH
Brinkley Belugas batting - Pitching for Alloway Halberds : RHP Steve Terry
Batting: RHB Jorge Salazar 0-0: Called Strike
0-1: Swinging Strike
0-2: Ball
1-2: Ball
2-2: SINGLE (Groundball, 34D)
Batting: RHB Jason Weston 0-0: Ball
1-0: SINGLE (Groundball, 6MD)
Jorge Salazar to second
Batting: RHB Reggie Kahn 0-0: Called Strike
0-1: Ball
1-1: Ball
2-1: Ground out 3-1 (Groundball, 34)
Jorge Salazar to third
Jason Weston to second
Batting: LHB Arturo Acosta 0-0: Called Strike
0-1: DOUBLE (Line Drive, 89M)
Jorge Salazar scores
Jason Weston scores
Batting: RHB Shawn Hicks 0-0: Called Strike
0-1: Ball
1-1: Ground out 5-3 (Groundball, 5)
Batting: RHB Orlando Trevino 0-0: Ball
1-0: Foul Ball, location: 2F
1-1: Ball
2-1: Ground out 5-3 (Groundball, 5S)
Bottom of the 8th over - 2 run(s), 3 hit(s), 0 error(s), 1 left on base; Alloway 9 - Brinkley 5
TOP OF THE 9TH
Alloway Halberds batting - Pitching for Brinkley Belugas : LHP Han Sawallisch
Batting: RHB Jonathan Cundall 0-0: Ball
1-0: SINGLE (Groundball, 34S)
Batting: RHB Mark Davis 0-0: Called Strike
0-1: Ball
1-1: Ball
2-1: 2-RUN HOME RUN (Flyball, 7D), Distance : 388 ft
Batting: LHB Francisco Rivas 0-0: Fly out, F7 (Line Drive, 7M)
Batting: RHB Juan Martínez 0-0: Ball
1-0: Ball
2-0: SINGLE (Line Drive, 6M)
Batting: RHB Daniel Molina 0-0: Ball
1-0: Swinging Strike
1-1: Foul Ball, location: 2F
1-2: Ball
2-2: Ball
3-2: SINGLE (Groundball, 4M)
Juan Martínez to second
Runner from 2nd tries for 3rd, SAFE, throw made to third
Pitching: RHP Benjamin Booth
Batting: RHB Mike Davis 0-0: Ball
1-0: Foul Ball, location: 2F
1-1: Foul Ball, location: 2F
1-2: SINGLE (Groundball, 34D)
Juan Martínez scores
Daniel Molina to second
Runner from 2nd tries for 3rd, SAFE, throw made to third
Batting: RHB Maurice Wiebe 0-0: Ball
1-0: Foul Ball, location: 2F
1-1: Called Strike
1-2: Foul Ball, location: 2F
1-2: Ball
2-2: Fly out, F9 (Popup, 9LS)
Batting: RHB Pedro Santos 0-0: Called Strike
0-1: Ball
1-1: Ball
2-1: Foul Ball, location: 2F
2-2: Strikes out swinging
Top of the 9th over - 3 run(s), 5 hit(s), 0 error(s), 2 left on base; Alloway 12 - Brinkley 5
BOTTOM OF THE 9TH
Brinkley Belugas batting - Pitching for Alloway Halberds : RHP Steve Terry
Batting: RHB Ricardo Romo 0-0: Ball
1-0: Ball
2-0: SINGLE (Line Drive, 56)
Batting: LHB Theodore Shaw 0-0: SINGLE (Groundball, 34)
Ricardo Romo to second
Runner from 2nd tries for 3rd, SAFE, throw made to third
Batting: LHB Horace Ritchie 0-0: Called Strike
0-1: Ball
1-1: Swinging Strike
1-2: Strikes out swinging
Batting: RHB Jorge Salazar 0-0: Ball
1-0: Swinging Strike
1-1: Foul Ball, location: 2F
1-2: Strikes out swinging
Batting: RHB Jason Weston 0-0: Ball
1-0: Ball
2-0: Fly out, F9 (Flyball, 9S)
Bottom of the 9th over - 0 run(s), 2 hit(s), 0 error(s), 2 left on base; Alloway 12 - Brinkley 5
This league is powered by Out of the Park Baseball, the baseball management simulation game for PC, Mac and Linux
Friday, January 22nd, 2016 - OOTP Baseball 16.9 Build 39